AoeStats
← cihuncihome

Baltic

510300858Analyzed
3v3 RM · 1d ago on Sep 30, 2026· 34m 16s· 6 players
Game mode
Random Map
Map size
Normal (6 player)
Population
200
Speed
Normal
Resources
Standard
Victory
Conquest
Starting age
Dark Age
Ending age
Imperial Age
RankedLock teamsTeams togetherTeam positionsShared explorationLock speedFull tech treeHidden civsTurbo modeCheats
Victory
Defeat
🇩🇪 Mongols · Germany
1048
+14
🇩🇪 Franks · Germany
1030
+15
🇳🇱 Britons · Netherlands
953
+18
🇨🇳 Malians · China
1107
-19
🇹🇼 Khmer · Taiwan
1006
-16
🇷🇺 Burgundians · Russia
900
-12
sfdejonge
4:27 Loom
12:10 Feudal Age
16:44 Castle Age
14:29 Fishing Lines
18:21 Wheelbarrow
18:12 Double-Bit Axe
19:02 Medium Warships
20:34 Hand Cart
21:33 Bow Saw
24:10 Forging
24:34 Gillnets
25:15 Fletching
26:27 Horse Collar
30:32 Imperial Age
28:06 Scale Mail Armor
28:03 Bodkin Arrow
29:03 Pikeman
29:46 Gold Mining
29:57 Heavy Plow
29:50 Stone Mining
30:52 Padded Archer Armor
31:08 Chain Mail Armor
31:20 Halberdier
34:08 Plate Mail Armor
33:39 Bracer
34:04 Squires
Pontifux
8:09 Loom
11:07 Feudal Age
12:11 Double-Bit Axe
14:16 Fishing Lines
20:48 Castle Age
19:15 Fletching
20:39 Padded Archer Armor
21:25 Crossbowman
22:04 Bodkin Arrow
23:00 Gillnets
25:57 Gold Mining
26:31 Ballistics
27:05 Bow Saw
31:57 Husbandry
32:11 Bloodlines
33:26 Wheelbarrow
33:42 Thumb Ring
37:13 Imperial Age
bastefan
9:56 Feudal Age
8:12 Loom
11:06 Double-Bit Axe
13:42 Wheelbarrow
16:47 Scale Barding Armor
16:53 Forging
21:28 Castle Age
22:22 Bow Saw
22:27 Husbandry
23:11 Gold Mining
24:04 Stone Mining
28:42 Chain Barding Armor
31:04 Iron Casting
Etheling
5:55 Horse Collar
9:34 Double-Bit Axe
11:04 Wheelbarrow
11:33 Loom
13:42 Feudal Age
14:27 Heavy Plow
15:40 Bow Saw
16:12 Gold Mining
23:25 Castle Age
24:54 Scale Barding Armor
27:01 Forging
29:09 Two-Man Saw
28:18 Husbandry
30:56 Stone Mining
32:55 Iron Casting
34:20 Crop Rotation
LiuDi
11:38 Feudal Age
12:13 Feudal Age
16:30 Castle Age
16:08 Loom
16:59 Wheelbarrow
16:15 Double-Bit Axe
16:11 Horse Collar
23:06 Bloodlines
23:29 Husbandry
23:45 Scale Barding Armor
25:50 Bow Saw
26:21 Forging
26:16 Gold Mining
27:50 Iron Casting
27:38 Chain Barding Armor
28:24 Hand Cart
28:34 Devotion
28:30 Town Watch
33:28 Imperial Age
cihuncihome
7:46 Loom
12:39 Feudal Age
17:27 Castle Age
15:23 Double-Bit Axe
16:41 Stone Mining
16:36 Horse Collar
19:08 Fishing Lines
20:51 Medium Warships
Connection lost

Rejoining the realm…

Still unreachable

The connection could not be restored.

Session expired

The server has moved on; the page needs a fresh start.